 Dungeon Crawl Stone Soup version 0.29-a0-275-g389c0b56f3 (webtiles) character file.

Game seed: 18012886656251963908

84995 tilp the Frost Mage (level 15, 0/72 HPs)
             Began as a Felid Ice Elementalist on Mar 12, 2022.
             Was a High Priest of Vehumet.
             Succumbed to Aizul's bolt of poison
             ... on level 3 of the Lair of Beasts on Mar 13, 2022.
             The game lasted 01:37:11 (49553 turns).

tilp the Frost Mage (Felid Ice Elementalist)       Turns: 49553, Time: 01:37:11

Health: 0/72       AC:  3    Str:  7    XL:     15   Next: 36%
Magic:  7/30       EV: 28    Int: 33    God:    Vehumet [*****.]
Gold:   1424       SH:  0    Dex: 18    Spells: 5/34 levels left
                                        Lives:  0   Deaths: 4

rFire   . . .      SeeInvis +     - Unarmed
rCold   + . .      Faith    .   (shield unavailable)
rNeg    . . .      Spirit   .   (body armour unavailable)
rPois   .          Reflect  .   (helmet unavailable)
rElec   .          Harm     .   (cloak unavailable)
rCorr   .          Rampage  .   (gloves unavailable)
Will    ++...                   (boots unavailable)
Stlth   +++++.....              (no amulet)
HPRegen 0.22/turn               d - +6 ring of intelligence
MPRegen 0.22/turn               L - ring "Oduing" {EV+4 Str+3 Int+4}

@: lethally poisoned (0 -> -6), unable to drink, quick
A: very small, claws 1, fangs 3, see invisible, speed 1, shaggy fur 3, stealthy
paws, no weapons or thrown items, no armour, multi-lived
a: Renounce Religion


You were on level 3 of the Lair of Beasts.
You worshipped Vehumet.
Vehumet was extremely pleased with you.
You visited 5 branches of the dungeon, and saw 25 of its levels.
You also visited: Ossuary, Bailey and Ice Cave.

You collected 3894 gold pieces.
You spent 2470 gold pieces at shops.

Inventory:

Jewellery
 d - a +6 ring of intelligence (left paw)
 e - a ring of poison resistance
 i - a +6 ring of intelligence
 m - a ring of positive energy
 p - a ring of flight
 y - a ring of protection from fire
 D - a ring of protection from fire
 H - the ring "Vinusucs" {Contam Fly rElec rC- rCorr}
   (You found it on level 2 of the Lair of Beasts)

   [ring of flight]

   rC:        It makes you vulnerable to cold.
   rElec:     It insulates you from electricity.
   Fly:       It grants you flight.
   Contam:    It causes magical contamination when unequipped.
   rCorr:     It protects you from acid and corrosion.
 J - a +4 ring of evasion
 L - the ring "Oduing" (right paw) {EV+4 Str+3 Int+4}
   (You found it in an ice cave)

   [ring of evasion]

   EV:        It affects your evasion (+4).
   Str:       It affects your strength (+3).
   Int:       It affects your intelligence (+4).
 R - a +4 ring of slaying
Wands
 f - a wand of paralysis (9)
 l - a wand of iceblast (39)
 v - a wand of mindburst (15)
 B - a wand of charming (4)
 C - a wand of flame (7)
 G - a wand of digging (12)
 I - a wand of polymorph (8)
Scrolls
 a - 3 scrolls of vulnerability
 g - 10 scrolls of teleportation
 n - 7 scrolls of amnesia
 r - 4 scrolls of magic mapping
 t - 4 scrolls of fog
 u - a scroll of blinking
 M - 3 scrolls of fear
 N - a scroll of holy word
 P - 5 scrolls of immolation
 Q - a scroll of silence
Potions
 b - 7 potions of curing
 c - 3 potions of magic
 h - 13 potions of heal wounds
 j - 5 potions of brilliance
 k - 3 potions of ambrosia
 o - 2 potions of flight
 q - a potion of attraction
 w - 4 potions of lignification
 x - a potion of might
 z - a potion of resistance
 A - 3 potions of haste
 E - 3 potions of cancellation
 F - 4 potions of mutation
 K - a potion of berserk rage
Miscellaneous
 s - a box of beasts
 O - a tin of tremorstones (1/2)


   Skills:
 - Level 12.0 Fighting
 - Level 10.0 Dodging
 - Level 10.0 Stealth
 - Level 8.0 Unarmed Combat
 + Level 10.2 Spellcasting
 + Level 13.2 Conjurations
 - Level 4.0 Hexes
 + Level 13.2 Ice Magic
 - Level 4.0 Air Magic
 - Level 8.0 Evocations


You had 5 spell levels left.
You knew the following spells:

 Your Spells              Type           Power      Damage    Failure   Level
a - Freeze                Ice            100%       1d11      0%          1
b - Frozen Ramparts       Ice            100%       1d12      1%          3
c - Ozocubu's Armour      Ice            81%        N/A       1%          3
d - Hailstorm             Conj/Ice       81%        3d16      1%          4
e - Freezing Cloud        Conj/Ice/Air   35%        6-21      1%          5
f - Ozocubu's Refrigerat  Ice            40%        4d13      3%          7
g - Fulminant Prism       Conj/Hex       32%        3d16      1%          4
h - Blink                 Tloc           32%        N/A       4%          2

Your spell library contained the following spells:

 Spells                   Type           Power      Damage    Failure   Level
 Conjure Ball Lightning   Conj/Air       32%        3x3d10    3%          6
 Magic Dart               Conj           100%       1d8       0%          1
 Searing Ray              Conj           100%       2d8       0%          2
 Shock                    Conj/Air       100%       1d9       1%          1
 Corpse Rot               Necr/Air       60%        N/A       1%          2
 Ensorcelled Hibernation  Hex/Ice        100%       N/A       1%          2
 Mephitic Cloud           Conj/Pois/Air  53%        N/A       1%          3
 Swiftness                Air            43%        N/A       1%          3
 Tukima's Dance           Hex            43%        N/A       1%          3
 Airstrike                Air            21%        N/A       1%          4
 Summon Small Mammal      Summ           64%        N/A       2%          1
 Ignite Poison            Fire/Tmut/Pois 16%        N/A       2%          3
 Metabolic Englaciation   Hex/Ice        32%        N/A       2%          5
 Summon Guardian Golem    Hex/Summ       30%        N/A       3%          3
 Passwall                 Tmut/Erth      13%        N/A       4%          2
 Call Canine Familiar     Summ           16%        N/A       9%          3
 Gell's Gravitas          Tloc           16%        N/A       9%          3
 Lesser Beckoning         Tloc           16%        N/A       9%          3
 Teleport Other           Tloc           16%        N/A       9%          3
 Yara's Violent Unravell  Hex/Tmut       15%        3d8       10%         5
 Leda's Liquefaction      Hex/Erth       15%        N/A       12%         4
 Lee's Rapid Deconstruct  Erth           8%         3d8*      21%         5
 Dispel Undead            Necr           16%        3d10      28%         4
 Passage of Golubria      Tloc           16%        N/A       28%         4
 Summon Mana Viper        Hex/Summ       30%        N/A       34%         5
 Borgnjor's Vile Clutch   Necr/Erth      8%         N/A       61%         5
 Manifold Assault         Tloc           16%        N/A       61%         5
 Summon Forest            Summ/Tloc      8%         N/A       61%         5
 Simulacrum               Ice/Necr       28%        N/A       28%         6
 Death Channel            Necr           8%         N/A       99%         6
 Statue Form              Tmut/Erth      10%        N/A       99%         6
 Summon Cactus Giant      Summ           8%         N/A       99%         6
 Storm Form               Tmut/Air       15%        N/A       100%        7


Dungeon Overview and Level Annotations

Branches:
Dungeon (15/15)            Temple (1/1) D:4            Lair (6/6) D:10
  Swamp (0/4) Lair:4        Snake (1/4) Lair:3        Slime (0/5) Lair:6
    Orc (2/2) D:10            Elf (0/3) Orc:2        Vaults (0/5) D:14
 Depths (0/4) D:15        Ossuary (visited)          Bailey (visited)
  IceCv (visited)

Altars:
Ashenzari
Cheibriados
Dithmenos
Elyvilon
Fedhas
Gozag
Hepliaklqana
Kikubaaqudgha
Makhleb
Nemelex Xobeh
Okawaru
Qazlal
Ru
Sif Muna
Trog
Uskayaw
Vehumet
Wu Jian
Xom
Yredelemnul
Zin
The Shining One
Beogh
Jiyva

Shops:
D:7 !*   D:14 (   Orc:2 =([*


Innate Abilities, Weirdness & Mutations

You have sharp claws.
You have razor-sharp teeth.
You have supernaturally acute eyesight. (SInv)
You cover ground quickly. (Speed+)
Your thick and shaggy fur keeps you warm. (AC +3, rC+)
Your paws help you pounce on unaware monsters.
You are incapable of wielding weapons or throwing items.
You cannot wear armour.
You gain extra lives every three experience levels.


Message History

You are more poisoned.
* * * LOW HITPOINT WARNING * * *
Casting: Ozocubu's Refrigeration (dangerous; 3% risk of failure)
Confirm with . or Enter, or press ? or * to list all spells.
Aiming: Freeze (safe; 0% risk of failure)
Press: ? - help, Shift-Dir - straight line, f - Aizul
Aim: Aizul (almost dead)
You freeze Aizul.
Aizul is almost dead.
* * * LOW HITPOINT WARNING * * *
You feel extremely sick.
The wall freezes Aizul.
You kill Aizul!
Vehumet accepts your kill.
You feel your power returning.
Your tin of tremorstones (1/2) has regained one charge.
Unknown command.
Unknown command.
You cannot drink potions in your current state!
* * * LOW HITPOINT WARNING * * *
You feel very sick.
The frozen ramparts melt away.
You climb upwards.
Welcome back to the Lair of Beasts!
Your icy armour cracks and falls away as you move.
* * * LOW HITPOINT WARNING * * *
You feel very sick.
There is a staircase to the Snake Pit here.
* * * LOW HITPOINT WARNING * * *
You feel very sick.
Unknown command.
Unknown command.
* * * LOW HITPOINT WARNING * * *
You feel sick.
Unknown command.
Unknown command.
* * * LOW HITPOINT WARNING * * *
You feel sick.
Unknown command.
Unknown command.
You die...

#.# ####### ### ##..# # ### ##.#
# ### ### ##### ### ####.#####
##### #.#.####.####........#
.##.#####...................####
#...............@##.####.......##
...............P##### ###........
....#.##.######## #..........
..######## ###!........# ###
#.#..##...>.# .# ####...###....##
## #.##...# ##...# .# #..)..##
#P..# .## #####..### #..##


There were no monsters in sight!

Vanquished Creatures
  2 orc warlords
  Aizul (Snake:1)
  A stone giant (D:15)
  Snorg (Lair:3)
  A fire dragon (D:15)
  Erolcha (D:9)
  4 boulder beetles
  6 hydras
  The ghost of Cypnuxke the Spear-Bearer, a journeyman MfGl of Hepliaklqana (D:13)
  3 ogre magi
  11 two-headed ogres
  6 centaur warriors
  Erica (D:8)
  3 tengu warriors (D:15)
  4 death yaks
  An orc high priest (Orc:2)
  A deep elf knight (D:14)
  Nergalle (Lair:3)
  Amaemon (Lair:3)
  A skeletal warrior (D:14)
  The ghost of gilleain the Conjurer, a novice HuCj of Sif Muna (D:4)
  A glowing orange brain (shapeshifter) (D:14)
  2 deep elf zephyrmancers (D:14)
  5 orc knights
  3 bog bodies (Lair:4)
  8 cyclopes
  7 deep elf pyromancers
  The ghost of robertstho the Magician, a novice DgFE (D:6)
  2 wolf spiders (Lair:6)
  3 orc sorcerers
  7 ugly things
  11 elephants
  3 manticores
  A salamander (shapeshifter) (D:15)
  Maurice (D:9)
  5 black mambas
  A guardian serpent (Lair:6)
  A guardian serpent (shapeshifter) (D:14)
  The ghost of sanka the Ducker, a novice GnMo (D:6)
  19 cane toads
  4 centaur skeletons (D:14)
  2 gargoyles
  Maggie (D:8)
  An orange demon (Lair:3)
  3 efreet
  A tengu conjurer (D:13)
  A kobold demonologist (D:9)
  6 rime drakes
  13 trolls
  A freezing wraith (D:13)
  A yaktaur (D:15)
  10 komodo dragons
  A polar bear (Lair:4)
  A meliai (D:13)
  The ghost of esteth the Magician, an amateur DjCj (D:3)
  A raiju (shapeshifter) (D:13)
  3 blink frogs (Lair:2)
  2 hornets
  9 slime creatures
  A snapping turtle (shapeshifter) (D:13)
  A vampire (D:11)
  3 shadows
  5 wraiths
  14 wyverns
  41 yaks
  7 basilisks
  A redback (Lair:6)
  Grum (D:8)
  8 vampire mosquitoes
  3 wargs
  2 swamp worms (Lair:4)
  A two-headed ogre zombie (D:10)
  2 acid dragons (D:13)
  18 water moccasins
  29 orc warriors
  2 ice beasts
  A black bear (Lair:1)
  A black bear (shapeshifter) (D:13)
  An ugly thing simulacrum (IceCv)
  6 boggarts
  6 centaurs
  12 ogres
  8 wolves
  A phantom (D:10)
  Blork the orc (D:4)
  An elf zombie (Ossuary)
  9 kobold brigands
  10 bullfrogs
  A glowing shapeshifter simulacrum (IceCv)
  2 scorpions
  A necrophage (D:4)
  A gnoll sergeant (D:7)
  14 wights
  6 killer bees (D:9)
  2 howler monkeys (D:13)
  2 electric eels
  3 centaur zombies (Ossuary)
  3 human zombies (Ossuary)
  3 jellies
  17 orc priests
  A gnoll shaman (D:4)
  2 hounds
  26 orc wizards
  Terence (D:3)
  2 iguanas (D:5)
  7 ogre zombies (D:10)
  2 mummies (Ossuary)
  Robin (D:2)
  11 adders
  10 gnolls
  A shadow imp (D:8)
  2 white imps
  An ufetubus (D:5)
  An adder zombie (Ossuary)
  A worm (shapeshifter) (D:15)
  7 dart slugs
  94 orcs
  5 bats
  2 endoplasms (D:1)
  A giant cockroach (D:1)
  14 goblins
  11 hobgoblins
  6 jackals
  3 quokkas
  6 ball pythons
  6 frilled lizards
  3 goblin skeletons (D:10)
  3 goblin zombies
  A hobgoblin skeleton (D:10)
  9 hobgoblin zombies
  13 kobolds
  15 kobold zombies (Ossuary)
  3 orc skeletons (D:10)
  19 orc zombies
  3 rats
  A rat zombie (Ossuary)
  5 bushes (Lair:2)
746 creatures vanquished.

Vanquished Creatures (collateral kills)
  A tengu warrior (D:13)
  An adder (D:4)
  An ufetubus (D:4)
3 creatures vanquished.

Vanquished Creatures (others)
  An entropy weaver simulacrum (IceCv)
  A centaur simulacrum (D:13)
  19 fulminant prisms
  34 fungi
  64 plants
  6 withered plants (D:6)
125 creatures vanquished.

Grand Total: 874 creatures vanquished

Notes
Turn   | Place    | Note
-------+----------+-------------------------------------------
     0 | D:1      | tilp the Felid Ice Elementalist began the quest for the
                  | Orb.
     0 | D:1      | Reached XP level 1. HP: 7/7 MP: 4/4
   252 | D:1      | Reached XP level 2. HP: 5/12 MP: 4/6
   713 | D:1      | Reached skill level 1 in Fighting
  1040 | D:2      | Reached XP level 3. HP: 15/15 MP: 3/7
  1044 | D:2      | Learned a level 3 spell: Frozen Ramparts
  1230 | D:2      | Found a faded altar of an unknown god.
  1377 | D:2      | Learned a level 3 spell: Ozocubu's Armour
  1571 | D:2      | Noticed Robin
  1583 | D:2      | Killed Robin
  1584 | D:2      | Reached XP level 4. HP: 19/19 MP: 1/8
  2064 | D:3      | Found a shadowy altar of Dithmenos.
  2089 | D:3      | Noticed an ice beast
  2348 | D:3      | Found a transporter.
  2348 | D:3      | Noticed esteth's ghost (amateur DjCj)
  2390 | D:3      | Reached skill level 5 in Ice Magic
  2390 | D:3      | Reached XP level 5. HP: 22/22 MP: 2/10
  2863 | D:3      | Found a transporter.
  2923 | D:3      | Noticed Terence
  2933 | D:3      | Killed Terence
  3164 | D:3      | You fall into a shaft and drop 1 floor!
  3167 | D:4      | Found a staircase to the Ecumenical Temple.
  3176 | D:4      | Gained mutation: You are covered in thick fur. (AC +2)
                  | [Felid growth]
  3176 | D:4      | Reached XP level 6. HP: 24/26 MP: 0/11
  3214 | D:4      | Found a sand-covered staircase.
  3414 | Ossuary  | Entered an ossuary
  3938 | Ossuary  | Learned a level 4 spell: Hailstorm
  4103 | Ossuary  | Reached skill level 1 in Unarmed Combat
  4526 | Ossuary  | Reached XP level 7. HP: 17/30 MP: 2/12
  4819 | Ossuary  | Identified a scroll of acquirement
  5091 | D:4      | Found a transporter.
  5091 | D:4      | Noticed gilleain's ghost (novice HuCj)
  5094 | D:4      | Found a transporter.
  5100 | D:4      | Noticed Blork the orc
  5112 | D:4      | Killed Blork the orc
  5113 | D:4      | Reached skill level 5 in Stealth
  5828 | Temple   | Entered the Ecumenical Temple
  6069 | Temple   | Became a worshipper of Vehumet
  6174 | D:5      | Entered Level 5 of the Dungeon
  6292 | D:5      | Noticed a wraith
  6541 | D:5      | Reached skill level 1 in Conjurations
  6671 | D:5      | Reached XP level 8. HP: 36/36 MP: 4/13
  7117 | D:6      | Found a runed translucent gate.
  7118 | D:6      | Found a runed translucent gate.
  7118 | D:6      | Found a runed translucent gate.
  7119 | D:6      | Noticed sanka's ghost (novice GnMo)
  7119 | D:6      | Noticed robertstho's ghost (novice DgFE)
  9056 | D:7      | Reached * piety under Vehumet
  9056 | D:7      | Offered knowledge of Sandblast by Vehumet.
  9364 | D:7      | Found a flagged portal.
  9475 | Bailey   | Entered a bailey
  9589 | Bailey   | Noticed an orc knight
  9631 | Bailey   | Reached skill level 5 in Conjurations
  9631 | Bailey   | Reached XP level 9. HP: 38/39 MP: 2/17
 10019 | Bailey   | Killed an orc knight
 10020 | Bailey   | Reached skill level 5 in Spellcasting
 10100 | Bailey   | Noticed an orc knight
 10667 | Bailey   | Killed an orc knight
 10923 | D:7      | Offered knowledge of Magic Dart by Vehumet.
 10940 | D:7      | Found Hyenoj's General Store.
 11027 | D:7      | Reached ** piety under Vehumet
 11126 | D:7      | HP: 1/39 [wraith (10)]
 11128 | D:7      | Mangled by a wraith
 11129 | D:7      | Reached XP level 8. HP: -7/36 MP: 11/16
 11189 | D:7      | Found Emoerama's Distillery.
 11591 | D:8      | Reached XP level 9. HP: 39/39 MP: 8/17
 11594 | D:8      | Reached skill level 1 in Evocations
 11896 | D:8      | Learned a level 5 spell: Freezing Cloud
 11962 | D:8      | Noticed Erica
 12248 | D:8      | Noticed Grum
 12255 | D:8      | Killed Grum
 12276 | D:8      | Reached skill level 5 in Fighting
 12563 | D:8      | Noticed Maggie
 12759 | D:8      | Reached skill level 5 in Dodging
 12759 | D:8      | Reached XP level 10. HP: 27/44 MP: 2/18
 13324 | D:9      | Offered knowledge of Scorch by Vehumet.
 13461 | D:9      | Noticed a two-headed ogre
 13475 | D:9      | Killed a two-headed ogre
 13720 | D:9      | Noticed Maurice
 14241 | D:9      | Noticed Erolcha
 14355 | D:9      | Noticed a centaur warrior
 14357 | D:9      | Reached skill level 1 in Air Magic
 14361 | D:9      | Killed a centaur warrior
 14361 | D:9      | Reached *** piety under Vehumet
 14714 | D:10     | Entered Level 10 of the Dungeon
 14837 | D:10     | Noticed a cyclops
 15023 | D:10     | Found a staircase to the Orcish Mines.
 15563 | D:10     | Found a staircase to the Lair.
 15592 | D:10     | Noticed a gargoyle
 15606 | D:10     | Offered knowledge of Airstrike by Vehumet.
 15882 | D:10     | Killed a gargoyle
 16189 | D:10     | Reached **** piety under Vehumet
 16210 | D:10     | Offered knowledge of Olgreb's Toxic Radiance by Vehumet.
 16211 | D:10     | Reached XP level 11. HP: 27/47 MP: 3/20
 16222 | D:10     | Noticed a two-headed ogre
 16478 | D:10     | Killed a two-headed ogre
 17546 | D:11     | Slain by a troll
 17547 | D:11     | Reached XP level 10. HP: -3/45 MP: 12/20
 18959 | D:7      | Bought a potion of experience for 700 gold pieces
 18959 | D:7      | Reached XP level 11. HP: 49/49 MP: 20/22
 18960 | D:7      | Acquired 1078 gold pieces
 18998 | D:7      | Bought a potion of magic for 96 gold pieces
 18998 | D:7      | Bought a ring of poison resistance for 240 gold pieces
 19034 | D:7      | Bought a potion of might for 56 gold pieces
 19034 | D:7      | Bought a potion of resistance for 140 gold pieces
 19034 | D:7      | Bought a potion of haste for 140 gold pieces
 19034 | D:7      | Bought a potion of heal wounds for 70 gold pieces
 19034 | D:7      | Bought 2 potions of heal wounds for 140 gold pieces
 19034 | D:7      | Bought 2 potions of brilliance for 112 gold pieces
 19838 | D:3      | Killed esteth's ghost
 19944 | D:4      | Killed gilleain's ghost
 20274 | D:6      | Killed robertstho's ghost
 20275 | D:6      | Killed sanka's ghost
 20467 | D:8      | Killed Erica
 20694 | D:8      | Killed Maggie
 20695 | D:8      | Reached skill level 10 in Conjurations
 20695 | D:8      | Reached skill level 10 in Ice Magic
 20844 | D:9      | Killed Erolcha
 21124 | D:9      | Killed Maurice
 21454 | D:7      | Bought a wand of flame (6) for 48 gold pieces
 21573 | Lair:1   | Entered Level 1 of the Lair of Beasts
 21630 | Lair:1   | Reached skill level 5 in Evocations
 21664 | Lair:1   | Reached ***** piety under Vehumet
 21806 | Lair:1   | Offered knowledge of Sticky Flame by Vehumet.
 21900 | Lair:1   | Gained mutation: Your thick and shaggy fur keeps you warm.
                  | (AC +3, rC+) [Felid growth]
 21900 | Lair:1   | Reached XP level 12. HP: 54/54 MP: 17/23
 21951 | Lair:1   | Reached skill level 5 in Unarmed Combat
 22813 | Lair:2   | Noticed a seven-headed hydra
 23184 | Lair:2   | Identified the ring "Vinusucs" {Contam Fly rElec rC- rCorr}
 23805 | Lair:2   | Killed a seven-headed hydra
 23806 | Lair:2   | Reached skill level 10 in Stealth
 24858 | Lair:3   | Noticed Nergalle
 24895 | Lair:3   | Killed Nergalle
 25189 | Lair:3   | Noticed Snorg
 25190 | Lair:3   | Noticed Amaemon
 25198 | Lair:3   | Killed Amaemon
 25205 | Lair:3   | Killed Snorg
 26209 | Lair:3   | Found a staircase to the Snake Pit.
 26235 | Lair:3   | Reached XP level 13. HP: 58/58 MP: 7/25
 28174 | Lair:4   | Found a staircase to the Swamp.
 28431 | Lair:4   | Offered knowledge of Lightning Bolt by Vehumet.
 29769 | Lair:6   | Entered Level 6 of the Lair of Beasts
 31770 | Lair:6   | Found a staircase to the Slime Pits.
 31771 | Lair:6   | Found a viscous altar of Jiyva.
 33130 | Lair:6   | Reached XP level 14. HP: 49/63 MP: 13/28
 33999 | Orc:1    | Entered Level 1 of the Orcish Mines
 34019 | Orc:1    | Reached skill level 10 in Fighting
 34471 | Orc:2    | Entered Level 2 of the Orcish Mines
 34514 | Orc:2    | Found a frozen archway.
 34583 | IceCv    | Entered an ice cave
 34594 | IceCv    | Slain by an entropy weaver simulacrum
 34595 | IceCv    | Reached XP level 13. HP: -3/61 MP: 18/27
 34599 | IceCv    | Identified the ring "Oduing" {EV+4 Str+3 Int+4}
 34621 | IceCv    | Noticed a quicksilver ooze
 34843 | IceCv    | Mangled by a quicksilver ooze
 34844 | IceCv    | Reached XP level 12. HP: -12/58 MP: 8/26
 35274 | Orc:1    | Offered knowledge of Ozocubu's Refrigeration by Vehumet.
 35528 | Orc:1    | Noticed an orc warlord
 35931 | Orc:1    | Killed an orc warlord
 36998 | Orc:2    | Noticed an orc high priest
 37247 | Orc:2    | Noticed an orc warlord
 37402 | Orc:2    | Killed an orc warlord
 37653 | Orc:2    | Killed an orc high priest
 38180 | Orc:2    | Learned a level 7 spell: Ozocubu's Refrigeration
 38679 | Orc:2    | Found Ewkaz's General Store.
 38683 | Orc:2    | Offered knowledge of Conjure Ball Lightning by Vehumet.
 38738 | Orc:2    | Found Ythroi's Antique Armour Boutique.
 38744 | Orc:2    | Found Yschumeff's Jewellery Boutique.
 38776 | Orc:2    | Found Qiwoiq's Antique Weapon Boutique.
 38789 | Orc:2    | Bought a scroll of identify for 28 gold pieces
 38789 | Orc:2    | Bought a potion of experience for 700 gold pieces
 38789 | Orc:2    | Reached XP level 13. HP: 62/62 MP: 27/27
 38935 | Orc:2    | Found a staircase to the Elven Halls.
 39565 | Orc:2    | Reached XP level 14. HP: 60/66 MP: 14/28
 41923 | D:13     | Reached skill level 10 in Dodging
 42052 | D:13     | Identified the +3 flail of Dung {vorpal, rCorr Str+5 Dex-5
                  | Stlth+}
 42283 | D:13     | Learned a level 4 spell: Fulminant Prism
 43044 | D:13     | Noticed a stone giant
 43455 | D:13     | Noticed an azure jelly
 44206 | D:13     | Found a runed translucent gate.
 44207 | D:13     | Found a runed translucent gate.
 44208 | D:13     | Found a runed translucent gate.
 44213 | D:13     | Noticed Cypnuxke's ghost (journeyman MfGl)
 44503 | D:13     | Reached skill level 1 in Hexes
 44555 | D:13     | Identified the +8 dagger of Relyfal {antimagic, rF- Str+2
                  | Stlth+}
 44828 | D:13     | Killed Cypnuxke's ghost
 45046 | D:13     | Got Sif Muna's Grimoire of the Toxic Mountains
 45171 | D:14     | Found a broken altar of Ashenzari.
 45513 | D:14     | Found Soonovik's Antique Weapon Shoppe.
 46123 | D:14     | Found a gate to the Vaults.
 47260 | D:15     | Entered Level 15 of the Dungeon
 47290 | D:15     | Reached XP level 15. HP: 72/72 MP: 24/29
 47953 | D:15     | Reached skill level 10 in Spellcasting
 48166 | D:15     | Found a hide-covered altar of Uskayaw.
 48192 | D:15     | Found a blossoming altar of Fedhas.
 49027 | D:15     | Found a staircase to the Depths.
 49275 | D:15     | Learned a level 2 spell: Blink
 49539 | Snake:1  | Entered Level 1 of the Snake Pit
 49539 | Snake:1  | Noticed Aizul
 49547 | Snake:1  | Killed Aizul
 49552 | Lair:3   | HP: 2/72 [poisoned by Aizul (bolt of poison)]
 49553 | Lair:3   | Succumbed to Aizul's bolt of poison

Illustrated notes

Levels and vault maps discovered:
D:1:      saegor_arrival_simple_b, layout_rooms
D:2:      layout_basic, chequers_ecumenical_altar_island, uniq_robin
D:3:      layout_basic, nicolae_dithmenos_shadow_blocks, gammafunk_ghost_arena,
          uniq_terence
D:4:      layout_basic, minmay_temple_entry_glass, gammafunk_ghost_arena,
          lightli_ossuary_entry_decrepit_ruins, uniq_blork_the_orc
D:5:      layout_loops_ring
D:6:      layout_layer_cave, gammafunk_ghost_cemetery, kennysheep_small_square
D:7:      layout_basic, enter_bailey_2, serial_shops, shop_statue, shop,
          chequers_mini_garden
D:8:      layout_loops_corners, supply_closet_lemuel, uniq_erica, uniq_maggie,
          uniq_grum
D:9:      layout_stronghold, uniq_maurice, uniq_erolcha
D:10:     layout_loops_ring, lair_entry_dummy, zombieorc2_lemuel
D:11:     layout_grid_maze
D:12:     layout_stronghold
D:13:     minmay_the_grid_square_5x5_5x5_mashed
          [minmay_the_grid_square_5x5_spiral_small,
          minmay_the_grid_square_5x5_eight,
          minmay_the_grid_square_5x5_three_small,
          minmay_the_grid_square_5x5_inner_i, minmay_the_grid_square_5x5_forky,
          minmay_the_grid_square_5x5_hollow_slash,
          minmay_the_grid_square_5x5_prize_waves,
          minmay_the_grid_square_5x5_plus,
          minmay_the_grid_square_5x5_prize_pseudospiral,
          minmay_the_grid_square_5x5_seven, minmay_the_grid_square_5x5_comb,
          minmay_the_grid_square_5x5_inner_z,
          minmay_the_grid_square_5x5_prize_itemx,
          minmay_the_grid_square_5x5_almost_minimal,
          minmay_the_grid_square_5x5_hourglass,
          minmay_the_grid_square_5x5_half_checkered,
          minmay_the_grid_square_5x5_prize_snowflake,
          minmay_the_grid_square_5x5_trominoes,
          minmay_the_grid_square_5x5_prize_rear_guard,
          minmay_the_grid_square_5x5_inverted_slash,
          minmay_the_grid_square_5x5_longway,
          minmay_the_grid_square_5x5_tetrominoes,
          minmay_the_grid_square_5x5_doubleslash,
          minmay_the_grid_square_5x5_checkered_sparse,
          minmay_the_grid_square_5x5_c], layout_cave_pools,
          ebering_ghost_rock_garden
D:14:     layout_cave_pools, hangedman_vaults_entry_quadrant_bands,
          ashenzari_altar_1, serial_shops, nicolae_inconvenience_store
D:15:     grunt_enter_depths_snipers, layout_rooms,
          nicolae_uskayaw_murder_on_the_dancefloor, fedhas_altar_2
Temple:   mainiacjoe_temple_hex_bubbles
Lair:1:   layout_hall_layers, nicolae_quartered_pool_impasse,
          grunt_megastairs_3, lemuel_fruit_tree
Lair:2:   layout_chaotic_city, minmay_hedge_maze
Lair:3:   layout_layer_cave, dummy_snake_entry, uniq_amaemon, uniq_snorg,
          uniq_nergalle
Lair:4:   layout_big_grid, nicolae_swamp_entry_splash_gauntlet,
          grunt_megastairs_2
Lair:5:   layout_cave_pods, infiniplex_staircase_pool
Lair:6:   hangedman_lair_tendril_chambers, layout_gridlike, slime_altar_1,
          hibernation_bobbens
Snake:1:  layout_honeycomb, nicolae_snake_slithery_corners, uniq_agnes,
          uniq_aizul
Orc:1:    layout_caves
Orc:2:    grunt_orc_cross, layout_caves, portal_ice_cave_entry_pillars_2,
          mines4_lemuel

Skill      XL: |  1  2  3  4  5  6  7  8  9 10 11 12 13 14 15 |
---------------+----------------------------------------------+-----
Ice Magic      | 4 5 6 7 8 9 10 12 13 | 13.2
Fighting       | 1 2 4 5 6 7 8 12 | 12.0
Spellcasting   | 3 4 5 7 6 9 10 | 10.2
Dodging        | 3 4 5 6 7 9 10 | 10.0
Stealth        | 3 6 8 9 10 | 10.0
Unarmed Combat | 2 3 4 6 7 8 |  8.0
Conjurations   | 1 8 7 9 10 12 13 | 13.2
Evocations     | 3 4 5 7 8 |  8.0
Air Magic      | 4 3 |  4.0
Hexes          | 4 |  4.0

Action                   |  1- 3 |  4- 6 |  7- 9 | 10-12 | 13-15 || total
-------------------------+-------+-------+-------+-------+-------++-------
Melee: Unarmed           |    10 |   302 |   101 |   257 |   141 ||   811
       Bite              |     2 |    46 |    14 |    39 |    28 ||   129
       Punch             |       |     5 |     4 |     8 |     9 ||    26
 Cast: Freeze            |    39 |    22 |    69 |    55 |    25 ||   210
       Frozen Ramparts   |     4 |    16 |    34 |    30 |    24 ||   108
       Ozocubu's Armour  |       |    14 |    26 |    39 |    75 ||   154
       Hailstorm         |       |     4 |    36 |   113 |   136 ||   289
       Freezing Cloud    |       |       |       |   122 |   231 ||   353
       Fulminant Prism   |       |       |       |       |    19 ||    19
       Ozocubu's Refrige |       |       |       |       |     4 ||     4
Evoke: Wand              |       |       |     7 |     7 |    12 ||    26
       Box of beasts     |       |       |       |     2 |     1 ||     3
       Tin of tremorston |       |       |       |       |     2 ||     2
  Use: Scroll            |     1 |     5 |    11 |     8 |     9 ||    34
       Potion            |       |     6 |     2 |     3 |     1 ||    12
 Stab: Sleeping          |     5 |     8 |    17 |    15 |    11 ||    56
       Paralysed         |       |       |     7 |       |     1 ||     8
Armor: Skin              |     1 |   105 |    21 |    34 |    46 ||   207
Dodge: Dodged            |    29 |   344 |   136 |   273 |   295 ||  1077

Table legend: (Time is in decaauts)
 A = Elapsed time spent in this place.
 B = Non-inter-level travel time spent in this place.
 C = Inter-level travel time spent in this place.
 D = Time resting spent in this place.
 E = Time spent auto-exploring this place.
 F = Levels seen in this place.
 G = Mean time per level.
                   A        B        C        D        E       F      G
               +--------+--------+--------+--------+--------+-----+--------+
         Total |  45569 |  42864 |   2705 |  18605 |  18366 |  28 | 1627.5 |
       Dungeon |  26187 |  24329 |   1858 |   9364 |  11869 |  15 | 1745.8 |
        Temple |    208 |    180 |     28 |      0 |    179 |   1 |  208.0 |
          Lair |  11457 |  10802 |    655 |   4303 |   5350 |   6 | 1909.5 |
     Snake Pit |      9 |      9 |      0 |      0 |      0 |   1 |    9.0 |
  Orcish Mines |   4902 |   4739 |    163 |   3093 |    902 |   2 | 2451.0 |
       Ossuary |   1388 |   1388 |      0 |    853 |     64 |   1 | 1388.0 |
        Bailey |   1164 |   1164 |      0 |    825 |      0 |   1 | 1164.0 |
      Ice Cave |    250 |    250 |      0 |    165 |      0 |   1 |  250.0 |
               +--------+--------+--------+--------+--------+-----+--------+

Top non-repeatable levels by time:
   Orc:2: 3786 daAuts
    D:13: 3209 daAuts
    D:10: 2883 daAuts
  Lair:5: 2739 daAuts
    D:14: 2615 daAuts
     D:8: 2287 daAuts
  Lair:3: 2225 daAuts
  Lair:4: 2033 daAuts
  Lair:6: 1955 daAuts
     D:6: 1875 daAuts
    D:12: 1813 daAuts
     D:9: 1764 daAuts
     D:3: 1579 daAuts
     D:4: 1539 daAuts
 Ossuary: 1388 daAuts
